Map: Dusk Towers

Players

JunHyoSeong (Demi)

  • Race: Zerg Zerg
  • League: Master

JonSnow - Winner!

  • Race: Zerg Zerg
  • League: Master

Event: SpawningTool Invitational 1

VOD

https://www.youtube.com/watch?v=y051JGJX31k

Description

Time

  • Played on: May 30, 2016, 6:59 p.m.
  • Length: 14:53

All games in this series

Show
View Real Time Build Order
Export as new Build Order

JunHyoSeong Zerg 

Build Orders: Pool First, Lurkers 

Get SALT Encoding   

  12  0:01  Drone  
  13  0:11  Drone  
  14  0:15  Extractor  
  14  0:17  Drone  
  14  0:32  Spawning Pool  
  13  0:35  Drone  
  14  0:44  Overlord  
  14  0:56  Extractor, Drone  
  15  1:13  Drone  
  16  1:19  Metabolic Boost, Queen  
  16  1:22  Zergling x2  
  19  1:27  Zergling x2  
  20  1:35  Zergling x2  
  21  1:43  Baneling Nest  
  21  1:44  Zergling x2  
  21  1:51  Overlord  
  21  2:03  Zergling x2  
  22  2:12  Zergling x2  
  23  2:20  Zergling x2  
  24  2:28  Zergling x6  
  27  2:31  Zergling x2  
  28  2:40  Baneling x4  
  28  2:43  Zergling x2  
  29  2:52  Overlord  
  29  3:00  Zergling x2  
  29  3:02  Baneling x2  
  29  3:07  Zergling x2  
  28  3:13  Zergling x4  
  29  3:31  Zergling x6  
  29  3:32  Zergling x2  
  27  3:41  Zergling x2  
  26  3:51  Zergling x2  
  24  4:06  Drone x2  
  26  4:10  Hatchery  
  26  4:13  Drone x2  
  27  4:17  Drone  
  27  4:19  Drone  
  28  4:32  Drone  
  28  4:33  Queen  
  31  4:40  Spine Crawler  
  30  5:00  Drone x3  
  32  5:11  Lair  
  31  5:15  Extractor  
  31  5:17  Drone  
  31  5:18  Drone x3  
  33  5:30  Overlord  
  33  5:32  Drone  
  33  5:35  Drone  
  35  5:43  Drone  
  35  5:49  Drone x4  
  40  5:58  Drone x2  
  42  6:04  Extractor  
  42  6:06  Drone x2  
  43  6:12  Spire  
  43  6:16  Drone x3  
  45  6:23  Drone x2  
  45  6:24  Spine Crawler  
  46  6:28  Extractor  
  46  6:29  Overlord  
  46  6:31  Drone  
  46  6:32  Overseer  
  46  6:41  Drone x2, Spine Crawler  
  46  6:46  Overlord  
  47  6:49  Drone x4  
  47  6:50  Drone  
  52  7:06  Overlord x2  
  52  7:11  Hatchery  
  51  7:16  Drone  
  51  7:17  Drone  
  53  7:24  Mutalisk x3  
  53  7:27  Mutalisk  
  61  7:30  Mutalisk  
  61  7:35  Mutalisk  
  65  7:39  Mutalisk  
  65  7:41  Mutalisk  
  65  7:44  Baneling  
  69  7:45  Mutalisk  
  69  7:49  Zergling x4  
  73  7:54  Mutalisk  
  75  8:06  Overlord  
  75  8:12  Zergling x6  
  76  8:16  Baneling x2  
  75  8:23  Zergling x2  
  75  8:24  Zergling x12  
  64  8:30  Mutalisk x3  
  47  8:49  Drone  
  47  8:50  Drone  
  49  8:56  Drone x2  
  49  8:59  Drone  
  52  9:05  Drone  
  52  9:06  Drone  
  54  9:12  Drone  
  54  9:15  Drone  
  56  9:21  Drone x3  
  59  9:35  Drone x4  
  59  9:36  Drone  
  64  9:45  Zergling x6  
  67  9:51  Queen  
  69  9:58  Drone x2  
  70  10:08  Hydralisk Den  
  70  10:09  Drone x3  
  70  10:11  Drone  
  73  10:14  Drone  
  73  10:19  Drone x2  
  73  10:20  Drone  
  77  10:23  Drone  
  78  10:30  Queen  
  78  10:34  Overlord  
  80  10:38  Drone x2  
  82  10:44  Lurker Den  
  82  10:52  Drone x4  
  86  11:02  Hydralisk x2  
  90  11:05  Hydralisk  
  92  11:22  Hydralisk  
  92  11:23  Hydralisk x2  
  92  11:25  Overlord x3  
  98  11:35  Extractor  
  98  11:36  Extractor  
  96  11:40  Overlord x2  
  96  11:42  Hydralisk  
  98  11:47  Spine Crawler  
  98  11:48  Spine Crawler  
  96  12:00  Hydralisk x5  
  106  12:01  Zergling x2  
  106  12:02  Zergling x2  
  108  12:09  Overlord  
  108  12:11  Overseer  
  108  12:13  Lurker  
  108  12:14  Lurker  
  110  12:19  Overlord  
  110  12:25  Overlord  
  110  12:29  Lurker  
  111  12:30  Lurker  
  112  12:39  Zerg Flyer Weapons Level 1  
  112  12:44  Lurker  
  112  12:47  Drone  
  112  12:48  Drone x6  
  112  12:49  Drone  
  121  12:55  Queen  
  124  13:05  Drone x2  
  124  13:06  Drone x3  
  124  13:09  Overlord  
  127  13:20  Evolution Chamber  
  126  13:33  Hatchery  
  125  13:54  Overlord x4  
  125  14:02  Extractor, Lurker  
  124  14:03  Lurker x3  
  124  14:05  Extractor  
  124  14:08  Drone x3  
  124  14:09  Drone x3  
  133  14:17  Mutalisk x3  
  133  14:18  Mutalisk x4  
Show
View Real Time Build Order
Export as new Build Order

JonSnow Zerg - Winner!

Build Orders: Hatch First, Lurkers 

Get SALT Encoding   

  12  0:01  Drone  
  13  0:12  Overlord  
  13  0:18  Drone  
  14  0:30  Drone  
  14  0:31  Drone  
  14  0:35  Drone  
  17  0:52  Hatchery  
  17  0:55  Drone  
  17  1:10  Spawning Pool  
  16  1:12  Drone  
  16  1:15  Drone  
  18  1:20  Extractor  
  18  1:24  Overlord  
  17  1:32  Drone  
  18  1:38  Drone  
  19  1:58  Zergling x2, Queen  
  19  1:59  Spine Crawler  
  21  2:04  Queen  
  23  2:13  Drone  
  23  2:14  Drone x2  
  26  2:24  Drone x2  
  28  2:33  Queen  
  31  2:39  Queen  
  31  2:40  Drone x3  
  36  2:50  Roach Warren  
  35  2:55  Spine Crawler  
  35  2:57  Zergling x2  
  35  3:10  Zergling x2  
  30  3:29  Roach x4  
  30  3:30  Roach  
  30  3:33  Roach  
  36  3:34  Zergling x2  
  36  3:35  Overlord  
  34  3:42  Roach  
  34  3:45  Roach  
  34  3:55  Roach  
  32  4:07  Drone x2  
  34  4:11  Drone  
  34  4:13  Drone  
  34  4:16  Drone  
  37  4:20  Drone  
  38  4:25  Drone  
  38  4:28  Drone  
  40  4:35  Drone x2  
  42  4:44  Drone  
  43  4:46  Drone  
  43  4:51  Overlord  
  44  4:58  Overlord  
  44  5:04  Overlord  
  44  5:08  Overlord  
  44  5:21  Queen x2  
  44  5:22  Drone x3  
  51  5:31  Drone  
  51  5:34  Drone  
  52  5:44  Drone x2  
  52  5:47  Metabolic Boost  
  54  5:50  Drone  
  54  5:56  Drone  
  56  5:58  Extractor  
  55  6:05  Overlord, Hatchery  
  55  6:07  Drone  
  55  6:09  Extractor  
  54  6:11  Drone  
  54  6:16  Overlord  
  55  6:25  Overlord  
  57  6:30  Drone x7  
  64  6:37  Drone  
  65  6:42  Roach  
  67  6:47  Roach  
  67  6:52  Roach  
  71  6:55  Lair  
  71  6:59  Roach  
  71  7:00  Extractor, Roach  
  71  7:01  Roach x2  
  76  7:04  Roach x2  
  76  7:06  Roach x2  
  84  7:10  Zergling x2  
  85  7:18  Zergling x6  
  88  7:26  Zergling x2  
  88  7:28  Zergling x2  
  90  7:31  Zergling x2  
  90  7:36  Zergling x8  
  95  7:42  Zergling x10  
  95  7:43  Ravager x4  
  104  7:48  Overlord  
  104  7:51  Overlord  
  104  7:56  Drone  
  105  8:01  Drone x2  
  105  8:05  Zergling x2  
  86  8:13  Drone x2  
  86  8:14  Drone  
  86  8:16  Drone  
  87  8:20  Drone x2  
  87  8:21  Queen x2  
  89  8:29  Drone x5  
  86  8:37  Queen  
  86  8:39  Spore Crawler  
  86  8:40  Spore Crawler x2  
  86  8:41  Spore Crawler  
  73  8:42  Spore Crawler  
  73  8:43  Spore Crawler  
  73  8:44  Zergling x10  
  73  8:46  Drone x2  
  65  8:56  Queen  
  65  9:00  Hydralisk Den  
  66  9:06  Infestation Pit  
  66  9:07  Roach x5  
  75  9:12  Drone  
  76  9:17  Drone  
  76  9:18  Drone  
  78  9:25  Overlord  
  78  9:29  Muscular Augments  
  78  9:31  Hydralisk x6  
  78  9:36  Hydralisk  
  78  9:37  Hydralisk  
  78  9:38  Zergling x2  
  95  9:45  Extractor  
  95  9:46  Extractor, Drone x4  
  97  9:55  Drone x3  
  97  9:57  Extractor  
  97  9:58  Pathogen Glands  
  98  10:01  Drone x2, Evolution Chamber  
  98  10:04  Drone x3  
  102  10:12  Overlord  
  102  10:13  Overlord  
  101  10:24  Overlord  
  101  10:26  Drone x2  
  103  10:37  Infestor x3  
  103  10:39  Infestor  
  111  10:44  Queen x2  
  111  10:45  Queen  
  111  10:46  Overlord  
  111  10:49  Infestor  
  119  10:52  Hydralisk  
  119  10:53  Hydralisk  
  123  10:59  Drone x2  
  123  11:00  Hydralisk x2  
  128  11:07  Zerg Missile Weapons Level 1  
  128  11:13  Hydralisk x2  
  128  11:14  Zergling x2  
  132  11:23  Hydralisk x2  
  132  11:24  Hydralisk  
  134  11:27  Hydralisk  
  134  11:30  Overlord  
  135  11:34  Extractor  
  135  11:37  Roach x5  
  135  11:38  Roach  
  146  11:41  Overseer  
  146  11:46  Hatchery  
  146  11:47  Roach x2  
  149  11:50  Overlord  
  149  11:54  Overseer  
  149  11:56  Zergling x6  
  149  11:58  Zergling x2  
  149  11:59  Zergling x2  
  149  12:00  Overseer  
  154  12:02  Overlord  
  154  12:03  Zergling x4  
  154  12:07  Lurker Den  
  156  12:11  Zergling x6  
  158  12:16  Zergling x6  
  158  12:22  Hydralisk x4  
  161  12:27  Roach  
  161  12:28  Roach  
  173  12:37  Roach x2  
  177  12:40  Overlord x2  
  177  12:52  Overlord x2  
  177  12:59  Drone x6  
  177  13:00  Drone  
  177  13:02  Extractor  
  183  13:05  Extractor  
  182  13:26  Spore Crawler  
  181  13:33  Lurker x8  
  181  13:34  Lurker x2  
  191  13:35  Hydralisk  
  191  13:39  Drone x3  
  196  13:45  Overseer  
  196  13:46  Hydralisk x2  
  200  13:52  Overlord  
  200  13:54  Hatchery  
  198  14:21  Overseer  
Tags
 
Add a new tag
Caveats
  • Supply blocks, unpowered buildings, or Contaminate may cause inaccurate times.
  • Supply counts are checked every 10 seconds.